 Dungeon Sprint DCSS version 0.20-a0-1122-gb7cbeb9 (webtiles) character file.

638 Dipster the Basher (level 7, -1/41 HPs)
             Began as a Gargoyle Fighter on May 11, 2017.
             Was an Initiate of Makhleb.
             Slain by a human
             ... wielding a +2 mace of crushing
              (3 damage)
             ... in the Dungeon (Sprint III: "The Ten Rune Challenge").
             The game lasted 00:03:08 (1349 turns).

Dipster the Basher (Gargoyle Fighter)               Turns: 1349, Time: 00:03:08

Health: -1/41      AC: 11    Str: 21    XL:     7   Next: 50%
Magic:  9/9        EV:  8    Int:  9    God:    Makhleb [......]
Gold:   25         SH: 11    Dex:  9    Spells: 6/6 levels left

rFire    . . .     SeeInvis .   a - +0 flail
rCold    . . .     Gourm    .   c - +0 shield
rNeg     + . .     Faith    .   b - +0 scale mail
rPois    ∞         Spirit   .   (no helmet)
rElec    +         Reflect  .   (no cloak)
rCorr    .         Harm     .   (no gloves)
MR       .....     NoTele   +   (no boots)
Stlth    ..........             (no amulet)
Regen    0.2/turn               (no ring)
MPRegen  0.2/turn               (no ring)

@: no status effects
A: negative energy resistance 1, electricity resistance, unbreathing,
petrification resistance, rot immunity, AC +4
a: Renounce Religion


You were in the Dungeon.
You worshipped Makhleb.
Makhleb was noncommittal.
You were not hungry.

You visited 1 branch You collected 25 gold pieces.

Inventory:

Hand Weapons
 a - a +0 flail (weapon)
Armour
 b - a +0 scale mail (worn)
 c - a +0 shield (worn)
Scrolls
 j - 2 scrolls of holy word {unknown}
 k - a scroll of blinking
 l - 3 scrolls of identify {unknown}
 n - a scroll of remove curse {unknown}
 q - a scroll of enchant weapon {unknown}
Potions
 g - 5 potions of mutation
 h - a potion of haste
 i - 3 potions of magic
 p - 4 potions of flight
Miscellaneous
 d - a lightning rod (4/4)
Comestibles
 o - 3 royal jellies


   Skills:
 - Level 3.2 Fighting
 * Level 12.4 Maces & Flails
 - Level 3.2 Armour
 + Level 10.3 Shields
 + Level 3.5 Invocations


You had 6 spell levels left.
You didn't know any spells.

Dungeon Overview and Level Annotations

Branches:
Dungeon (1/1)

Altars:
Cheibriados
Dithmenos
Fedhas
Gozag
Hepliaklqana
Makhleb
Nemelex Xobeh
Okawaru
Qazlal
Ru
Trog
Uskayaw
Wu Jian
Xom
Yredelemnul
Beogh
Jiyva
Lugonu


Innate Abilities, Weirdness & Mutations

You are resistant to torment.
Your stone body is resilient. (AC +4)
You are immune to poison.
You resist negative energy. (rN+)
You are resistant to electric shocks. (rElec)
You can survive without breathing.
You are immune to petrification.
You are immune to rotting.


Message History

Your Invocations skill increases to level 3!
The human hits you but does no damage. The human barely misses you.
Okay, then.
The human hits you but does no damage. The human hits you but does no damage.
The human hits you with a mace of crushing!
The human barely misses you.
The human rages.
The human hits you with a mace of crushing.
The human rages.
The human hits you with a mace of crushing!
* * * LOW HITPOINT WARNING * * *
x2
Okay, then.
You feel better. You block the human's attack.
You barely miss the human. You closely miss the human.
The human hits you with a mace of crushing!
* * * LOW HITPOINT WARNING * * *
You die...

▓▓▓▓▓▓▓▓▓ ▓▓▓
▓<..#...#### ##.#
▓...#......#####..#
▓..##.......#..#..#
▓##.##.##...#..#..#
##.##.###..##'#..#
▓#.####.##..###...'
▓p###..##..####...#
▓#@....##.p###.p..#
###..##...##.....#
##..##....#......#
#..###..##.#.....#
#..# #..#####....#
▓▓▓▓ ▓▓▓▓ ▓▓▓▓▓▓


You could see a human.

Vanquished Creatures
  A shadow (D)
  A spatial vortex (D)
  A necrophage (D)
  A water elemental (D)
  A jelly (D)
  A necromancer (D)
  2 humans (D)
  A wolf (D)
  2 oozes (D)
  2 rats (D)
13 creatures vanquished.

Vanquished Creatures (others)
  2 draconian scorchers (D)
  6 hellions (D)
  2 yaktaurs (D)
  3 plants (D)
13 creatures vanquished.

Grand Total: 26 creatures vanquished

Notes
Turn   | Place    | Note
-------+----------+-------------------------------------------
     0 | D        | Dipster the Gargoyle Fighter began the quest for the Orb.
     0 | D        | Reached XP level 1. HP: 14/14 MP: 1/1
     8 | D        | Reached skill level 3 in Maces & Flails
    12 | D        | Reached XP level 2. HP: 19/19 MP: 2/2
    50 | D        | Reached skill level 4 in Maces & Flails
    79 | D        | Killed a hellion
    86 | D        | Killed a hellion
    88 | D        | Reached skill level 5 in Maces & Flails
    88 | D        | Reached skill level 5 in Shields
    88 | D        | Reached XP level 3. HP: 17/23 MP: 3/3
   125 | D        | Killed a yaktaur
   145 | D        | Killed a white draconian scorcher
   175 | D        | Killed a hellion
   176 | D        | Killed a hellion
   202 | D        | Killed a hellion
   227 | D        | Killed a hellion
   230 | D        | Killed a white draconian scorcher
   316 | D        | Noticed a water elemental
   323 | D        | Killed a water elemental
   323 | D        | Reached skill level 7 in Maces & Flails
   323 | D        | Reached XP level 4. HP: 3/28 MP: 4/4
   569 | D        | Killed a yaktaur
   608 | D        | Found a basalt altar of Yredelemnul.
   608 | D        | Found a shadowy altar of Dithmenos.
   608 | D        | Found a sacrificial altar of Ru.
   608 | D        | Noticed a necrophage
   611 | D        | Reached skill level 8 in Maces & Flails
   611 | D        | Reached XP level 5. HP: 11/32 MP: 5/5
   618 | D        | Killed a necrophage
   618 | D        | Reached skill level 9 in Maces & Flails
   854 | D        | Reached skill level 10 in Maces & Flails
   854 | D        | Reached XP level 6. HP: 22/37 MP: 6/6
   979 | D        | Noticed a shadow
   997 | D        | Killed a shadow
   997 | D        | Reached skill level 11 in Maces & Flails
  1240 | D        | Found a blossoming altar of Fedhas.
  1240 | D        | Found a stormy altar of Qazlal.
  1240 | D        | Noticed a spatial vortex
  1242 | D        | Found a snail-covered altar of Cheibriados.
  1242 | D        | Found a burning altar of Makhleb.
  1242 | D        | Found a hazy altar of Hepliaklqana.
  1242 | D        | Found a shimmering altar of Xom.
  1242 | D        | Found an opulent altar of Gozag.
  1242 | D        | Found a sparkling altar of Nemelex Xobeh.
  1242 | D        | Found a corrupted altar of Lugonu.
  1242 | D        | Found a viscous altar of Jiyva.
  1247 | D        | Became a worshipper of Makhleb the Destroyer
  1260 | D        | Killed a spatial vortex
  1260 | D        | Reached XP level 7. HP: 41/41 MP: 6/8
  1291 | D        | Found an ornate altar of the Wu Jian Council.
  1291 | D        | Found a roughly hewn altar of Beogh.
  1291 | D        | Found an iron altar of Okawaru.
  1291 | D        | Found a bloodstained altar of Trog.
  1291 | D        | Found a hide-covered altar of Uskayaw.
  1291 | D        | Noticed a human
  1293 | D        | Noticed a human
  1332 | D        | Killed a human
  1332 | D        | Reached skill level 12 in Maces & Flails
  1332 | D        | Reached skill level 10 in Shields
  1345 | D        | HP: 2/41 [human/mace of crushing (2)]
  1349 | D        | Slain by a human

Vault maps used:
D:        dungeon_sprint_mu

Skill      XL: |  1  2  3  4  5  6  7 |
---------------+----------------------+-----
Maces & Flails | 3 5 7 8 10 11 12 | 12.4
Shields        | 4 5 6 7 8 9 10 | 10.3
Invocations    | 2 3 |  3.5
Fighting       | |  3.2
Armour         | |  3.2

Action                   |  1- 3 |  4- 6 |  7- 9 || total
-------------------------+-------+-------+-------++-------
Melee: Flail             |    51 |    46 |    11 ||   108
  Use: Potion            |     3 |       |     1 ||     4
  Eat: Bread ration      |       |     1 |       ||     1
Armor: Scale mail        |    20 |     8 |     7 ||    35
Dodge: Dodged            |     8 |     4 |     3 ||    15
Block: Shield            |    24 |    11 |     2 ||    37
